Map: Catallena LE (Void)

Players

Elias - Winner!

  • Race: Terran Terran
  • League: Gold
  • Spawn Location: 12:00

Juxtapose

  • Race: Zerg Zerg
  • League: Silver
  • Spawn Location: 5:00

VOD

https://youtu.be/QILZ0jsDHd0

Description

This game was very close, and honestly a bit frustrating.

After watching the Replay I should have tried to push my way up the ramp earlier, which might have taken the game for me. After I get the Nydus Network, well, you'll see the major error I made.

I was a rather sad panda after that.

Time

  • Played on: July 23, 2017, 2:07 p.m.
  • Length: 12:11
Show
View Real Time Build Order
Export as new Build Order

Elias Terran - Winner!

Build Orders: MMM Bio 

Get SALT Encoding   

  12  0:00  SCV  
  13  0:13  SCV  
  14  0:22  Supply Depot  
  14  0:25  SCV  
  15  0:43  SCV  
  15  0:48  Barracks  
  16  0:59  SCV  
  16  1:03  Refinery  
  17  1:07  Refinery  
  17  1:12  SCV  
  18  1:28  SCV  
  18  1:31  Supply Depot  
  19  1:40  Barracks, SCV  
  19  1:55  Barracks Reactor  
  19  1:57  Orbital Command  
  19  2:15  Engineering Bay  
  19  2:34  Barracks Tech Lab  
  19  2:36  Reaper x2  
  21  2:50  Command Center  
  21  2:57  Marauder  
  23  3:02  Terran Infantry Weapons Level 1  
  23  3:08  Marine  
  23  3:09  Marine  
  25  3:18  Stimpack  
  25  3:23  Marauder  
  26  4:00  Marauder, Marine  
  26  4:01  Factory, Marine  
  30  4:18  Marine x2  
  30  4:22  Marauder  
  34  4:34  SCV  
  34  4:36  Marine x2  
  37  4:43  Marauder  
  39  4:46  SCV  
  39  4:47  Orbital Command  
  40  5:04  Marauder  
  42  5:11  Supply Depot  
  42  5:12  Terran Infantry Armor Level 1  
  42  5:13  Marine x2  
  44  5:19  Combat Shields  
  44  5:22  Factory Reactor  
  44  5:35  Starport  
  44  5:37  Supply Depot  
  44  5:50  Supply Depot  
  44  6:00  Marauder  
  46  6:22  Marauder  
  48  6:30  Marine x2  
  48  6:31  Factory Tech Lab  
  50  6:39  Armory  
  50  6:43  Marauder, Concussive Shells  
  50  6:45  SCV x2  
  54  6:47  Marine  
  54  6:48  Marine  
  56  6:57  SCV x2  
  58  7:02  Liberator  
  58  7:03  Liberator  
  57  7:09  SCV x2  
  57  7:14  Siege Tank  
  62  7:21  SCV x2  
  70  7:29  Marauder, Supply Depot  
  72  7:33  SCV  
  72  7:36  Terran Vehicle And Ship Armor Level 1  
  73  7:42  Terran Infantry Weapons Level 2  
  73  7:46  Marine x2  
  73  7:50  SCV x2  
  77  8:02  SCV x2  
  79  8:09  Medivac  
  81  8:17  Marauder, Marine x2, Refinery  
  85  8:20  Refinery  
  85  8:34  Marine  
  86  8:47  Supply Depot  
  86  8:50  Command Center  
  86  9:02  Marine  
  86  9:03  Marauder, Medivac, SCV x2  
  93  9:10  Supply Depot  
  93  9:15  SCV x2  
  95  9:30  Terran Vehicle Weapons Level 1  
  94  9:56  Thor  
  94  9:59  Marauder, Marine x2  
  99  10:16  Marine  
  99  10:20  Marauder, Medivac x2  
  106  10:31  Planetary Fortress  
  106  10:33  Marine  
  106  10:34  Marine  
  108  10:39  Thor  
  108  10:42  Marauder  
  116  10:48  Supply Depot  
  116  10:51  Marine  
  116  10:52  Marine  
  116  10:56  Medivac  
  120  10:57  Medivac  
  120  11:00  Missile Turret  
  120  11:03  Marauder  
  124  11:08  Marine  
  125  11:21  Missile Turret  
  125  11:24  Marauder  
  127  11:46  Marauder  
Show
View Real Time Build Order
Export as new Build Order

Juxtapose Zerg 

Build Orders: Pool First 

Get SALT Encoding   

  12  0:01  Drone  
  13  0:13  Overlord  
  13  0:18  Drone  
  14  0:33  Drone x2  
  16  0:50  Spawning Pool  
  16  0:51  Drone  
  16  0:52  Drone  
  17  1:07  Overlord  
  17  1:11  Extractor  
  17  1:13  Drone  
  17  1:30  Drone x2  
  19  1:47  Zergling x2  
  19  1:48  Queen  
  22  1:57  Hatchery  
  21  2:04  Drone x2, Spore Crawler  
  22  2:24  Extractor  
  21  2:32  Roach Warren  
  21  2:34  Drone x2  
  21  2:35  Drone  
  23  2:50  Drone  
  24  3:05  Overlord  
  24  3:07  Queen  
  24  3:09  Drone x3  
  24  3:11  Drone  
  30  3:31  Drone x2  
  32  3:34  Spore Crawler  
  29  3:53  Roach x5  
  39  3:59  Queen  
  39  4:01  Drone x2  
  43  4:10  Overlord, Drone  
  44  4:24  Overlord  
  44  4:28  Queen  
  46  4:34  Drone x2  
  46  4:35  Queen  
  46  4:36  Extractor  
  49  4:39  Roach  
  49  4:43  Evolution Chamber  
  50  4:57  Roach x2  
  50  4:58  Roach x3  
  60  5:00  Overlord  
  60  5:10  Zerg Missile Weapons Level 1  
  60  5:19  Overlord  
  60  5:20  Drone x5  
  60  5:21  Drone  
  66  5:27  Ravager  
  66  5:28  Ravager  
  68  5:30  Overlord  
  68  5:36  Lair  
  68  5:40  Roach x2  
  72  5:43  Roach x2  
  77  5:50  Ravager  
  77  6:10  Roach x3  
  83  6:20  Overlord  
  83  6:21  Overlord  
  83  6:25  Overlord x2  
  83  6:52  Zergling x8  
  83  6:53  Drone x3  
  90  7:01  Extractor  
  90  7:04  Zerg Ground Armor Level 1  
  89  7:17  Overseer  
  89  7:23  Hydralisk Den  
  89  7:26  Drone x3  
  89  7:27  Glial Reconstitution  
  91  7:43  Zergling x4  
  91  7:44  Metabolic Boost, Zergling x10  
  97  7:45  Overlord  
  97  7:46  Overlord  
  98  8:07  Muscular Augments  
  98  8:08  Hydralisk x4  
  98  8:09  Hydralisk  
  105  8:48  Nydus Network  
  104  8:55  Burrow  
  104  8:58  Zerg Missile Weapons Level 2  
  104  9:00  Hydralisk x2, Zergling x8  
  104  9:01  Hydralisk, Overlord  
  104  9:02  Overlord x2  
  114  9:08  Hatchery  
  97  9:40  Drone x3  
  97  9:41  Drone  
  98  9:53  Drone x2  
  98  9:54  Drone x4  
  99  10:02  Drone x2  
  99  10:06  Pneumatized Carapace  
  101  10:12  Hydralisk x2  
  101  10:13  Hydralisk x3  
  111  10:42  Overseer x3  
  111  10:49  Queen  
  113  10:55  Queen, Drone x3  
  118  11:16  Nydus Canal  
  118  11:18  Zergling x6  
  118  11:23  Zergling x12  
  53  11:31  Queen  
  52  11:36  Zergling x2  
  52  11:49  Drone x2  
  52  11:53  Spore Crawler  
Tags
 
Composition
MMM Bio
Matchup
TvZ
Opening
Pool First
Spawn Locations
Cross Positions
Add a new tag
Caveats
  • Supply blocks, unpowered buildings, or Contaminate may cause inaccurate times.
  • Supply counts are checked every 10 seconds.